 Dungeon Crawl Stone Soup version 0.31-a0-426-g3a05650e59 (webtiles) character file.

Game seed: 10953313020539351432

69441 HoaS the Brawler (level 14, -29/146 HPs)
             Began as a Troll Gladiator on July 29, 2023.
             Was the Champion of Zin.
             Killed from afar by Azrael (47 damage)
             ... with a bolt of fire
             ... on level 2 of the Orcish Mines on July 30, 2023.
             The game lasted 01:21:58 (20681 turns).

HoaS the Brawler (Troll Gladiator)                 Turns: 20681, Time: 01:22:00

Health: -29/146    AC: 10    Str: 31    XL:     14   Next: 90%
Magic:  18/18      EV: 19    Int:  4    God:    Zin [******]
Gold:   2981       SH: 14    Dex: 15    Spells: 13/13 levels left

rFire   . .          .
                       - Unarmed
rCold   . . .        E - +0 kite shield
rNeg    . . .        b - +2 robe
rPois   .            J - +2 hat {Will+}
rElec   .            e - +1 cloak
rCorr   .            (gloves unavailable)
SInv    .            (boots unavailable)
Will    ++...        n - amulet of reflection
Stlth   +            G - +5 ring of evasion
HPRegen 1.24/turn    K - +6 ring of strength
MPRegen 0.16/turn

%: reflection
@: studying Throwing
A: large, unfitting armour, claws 3, regeneration 1, shaggy fur 1, tough skin 1
a: Renounce Religion, Recite, Vitalisation, Imprison, Sanctuary, Donate Gold


You were on level 2 of the Orcish Mines.
You worshipped Zin.
Zin was exalted by your worship.
You visited 3 branches of the dungeon, and saw 19 of its levels.

You collected 3576 gold pieces.
You spent 292 gold pieces at shops.
You donated 303 gold pieces to Zin.

Inventory:

Missiles
 c - 4 throwing nets
 d - 5 large rocks
 f - 30 poisoned darts
 g - 5 datura-tipped darts
 q - 18 boomerangs (quivered)
 D - 3 curare-tipped darts
 I - 4 silver javelins
Armour
 b - a +2 robe (worn)
 e - a +1 cloak (worn)
 E - a +0 kite shield (worn)
 J - a +2 hat of willpower (worn)
Jewellery
 i - a ring of resist corrosion
 n - an amulet of reflection (around neck)
 p - a +5 ring of evasion
 z - a ring of ice
 G - a +5 ring of evasion (left claw)
 K - a +6 ring of strength (right claw)
Wands
 j - a wand of iceblast (2)
 u - a wand of digging (12)
 y - a wand of flame (46)
 H - a wand of charming (22)
Scrolls
 o - 10 scrolls of identify
 r - 9 scrolls of teleportation
 v - 3 scrolls of fog
 A - 4 scrolls of revelation
 B - 2 scrolls of blinking
 C - a scroll of fear
Potions
 a - 6 potions of mutation
 h - 8 potions of enlightenment
 k - 5 potions of curing
 l - 5 potions of attraction
 m - 2 potions of cancellation
 s - a potion of might {unknown}
 t - a potion of resistance
 w - 2 potions of ambrosia
 x - a potion of berserk rage {unknown}
 F - a potion of heal wounds


   Skills:
 * Level 11.0 Fighting
 + Level 11.8 Throwing
 * Level 11.1 Dodging
 + Level 4.3 Shields
 * Level 15.3 Unarmed Combat
 + Level 7.4 Invocations


You had 13 spell levels left.
You didn't know any spells.
Your spell library contained the following spells:

 Spells                   Type           Power      Damage    Failure   Level
 Apportation              Tloc           0%         N/A       71%         1
 Foxfire                  Conj/Fire      0%         2x1d4     71%         1
 Magic Dart               Conj           0%         1d3       71%         1
 Sandblast                Erth           0%         2d4       71%         1
 Slow                     Hex            0%         N/A       71%         1
 Blink                    Tloc           0%         N/A       83%         2
 Call Imp                 Summ           0%         N/A       83%         2
 Ensorcelled Hibernation  Hex/Ice        0%         N/A       83%         2
 Passwall                 Tmut/Erth      0%         N/A       83%         2
 Poisonous Vapours        Pois/Air       0%         N/A       83%         2
 Confusing Touch          Hex            0%         N/A       97%         3
 Mephitic Cloud           Conj/Pois/Air  0%         N/A       97%         3
 Ozocubu's Armour         Ice            0%         N/A       97%         3
 Stone Arrow              Conj/Erth      0%         3d7       97%         3
 Vampiric Draining        Necr           0%         2d6       97%         3
 Anguish                  Hex/Necr       0%         N/A       100%        4
 Animate Armour           Summ/Erth      0%         N/A       100%        4
 Cause Fear               Hex            0%         N/A       100%        4
 Manifold Assault         Tloc           0%         N/A       100%        4
 Alistair's Intoxication  Tmut/Pois      0%         N/A       100%        5
 Fireball                 Conj/Fire      0%         3d3       100%        5
 Freezing Cloud           Conj/Ice/Air   0%         6-21      100%        5
 Metabolic Englaciation   Hex/Ice        0%         N/A       100%        5
 Plasma Beam              Fire/Air       0%         2x1d10    100%        6
 Simulacrum               Ice/Necr       0%         N/A       100%        6
 Starburst                Conj/Fire      0%         6d3       100%        6
 Lehudib's Crystal Spear  Conj/Erth      0%         10d2      100%        8
 Dragon's Call            Summ           0%         N/A       100%        9


Dungeon Overview and Level Annotations

Branches:
Dungeon (12/15)            Temple (0/1) D:7            Lair (5/5) D:9
 Shoals (0/4) Lair:3        Snake (0/4) Lair:2          Orc (2/2) D:11
    Elf (0/3) Orc:2
  Slime: Lair:4-5

Altars:
Cheibriados
Gozag
Hepliaklqana
Makhleb
Okawaru
Ru
Trog
Yredelemnul
Zin
The Shining One

Shops:
Orc:2 **[

Annotations:
D:10 2 runed translucent doors, Gruesome's ghost, journeyman OpSh
Lair:4 3 runed translucent doors, Zappman123's ghost, journeyman OpSh; Zenatt's ghost, journeyman TrFi
Lair:5 exclusion: 2 oklob plants
Orc:2 Azrael


Innate Abilities, Weirdness & Mutations

You are too large for most types of armour.
You have claws for hands.
Your natural rate of healing is unusually fast.
You are covered in fur. (AC +1)
You have tough skin. (AC +1)


Message History

The hell hound is moderately wounded.
You block the hell hound's attack.
You claw the hell hound!
The hell hound is almost dead.
The hell hound bites you but does no damage.
A fire elemental comes into view.
You mangle the hell hound!!
You kill the hell hound!
Azrael gestures at you.
The fireball explodes!
The fireball engulfs you!! Azrael gestures at you.
The fireball explodes!
The fireball engulfs you!!
The fireball engulfs Azrael.
Azrael completely resists.
Things that are here:
a large rock; a hell hound corpse You mangle Azrael!!
Azrael is moderately wounded.
Azrael gestures at you.
The sphere of damnation explodes!
The damnation engulfs you!!!
* * * LOW HITPOINT WARNING * * *
The damnation engulfs Azrael.
Azrael completely resists.
You scratch Azrael but do no damage.
Azrael is moderately wounded.
Azrael barely misses you.
You claw Azrael!
Azrael is heavily wounded.
You block Azrael's attack.
You feel much better.
Azrael hits you with a +3 scimitar of flaming.
* * * LOW HITPOINT WARNING * * *
Azrael burns you.
* * * LOW HITPOINT WARNING * * *
Azrael attacks as you move away! You block Azrael's attack.
The hell hound breathes flames at you.
The blast of flame hits Azrael.
Azrael completely resists.
The blast of flame hits you.
* * * LOW HITPOINT WARNING * * *
Azrael gestures at you. The bolt of fire hits you!!!
You die...

...)....###..##
.......#.###[.##
..#.#...####.[.##
######.##..)#...##
###....)....#
#........Eh#
#...#....##R#
....##...###(#
.#.. #.h## #@# #.
.... #<# # ##...
#.# ###○ #.# .○
#∩# #.# #.# #'#
...


You could see Azrael, a fire elemental and a hell hound (catching breath).

Vanquished Creatures
  Rupert (Orc:2)
  Kirke (Lair:4)
  Josephine (Orc:2)
  Fannar (Lair:2)
  4 catoblepae
  5 hydras
  A boulder beetle (D:10)
  4 two-headed ogres
  4 death yaks
  Urug (Orc:1)
  The ghost of Snakez the Dealer of Despair, a novice NaNe of Kikubaaqudgha (D:7)
  Sonja (Lair:2)
  A fire crab (Lair:5)
  A sixfirhy (Orc:2)
  3 skysharks (Lair:4)
  The ghost of mopl the Insei, a novice OpSh (D:9)
  2 deep elf zephyrmancers (Orc:1)
  3 orc knights
  2 ugly things (D:12)
  An oklob plant (Lair:5)
  A cyclops (D:11)
  2 manticores (Lair:5)
  An orc sorcerer (Orc:2)
  9 elephants
  5 black mambas
  A gargoyle (D:12)
  2 torpor snails
  17 cane toads
  10 komodo dragons
  2 rime drakes
  2 trolls
  2 polar bears
  2 hornets
  12 blink frogs (Lair:3)
  A shadow (D:10)
  69 yaks
  8 slime creatures (D:12)
  2 wyverns
  8 wraiths
  A vampire (D:11)
  A fire elemental (Orc:2)
  Grum (D:10)
  2 basilisks (Lair:3)
  4 hogs (Lair:4)
  A steam dragon (Lair:1)
  6 wargs
  Menkaure (D:5)
  Edmund (D:6)
  2 nagas (Lair:2)
  5 swamp worms (Lair:3)
  2 acid dragons
  2 hell hounds (Orc:2)
  16 water moccasins
  A swamp drake (Orc:1)
  7 black bears
  30 orc warriors
  A sky beast (D:6)
  2 ice beasts
  13 wolves
  4 ogres
  7 centaurs
  2 phantoms (D:5)
  2 kobold brigands
  19 bullfrogs
  A necrophage (D:5)
  3 scorpions
  A water moccasin zombie (D:5)
  11 wights
  8 killer bees
  A bullfrog zombie (D:5)
  A crimson imp (Orc:1)
  A human zombie (D:5)
  2 centaur zombies (D:5)
  7 hounds
  Crazy Yiuf (D:5)
  2 jellies (D:6)
  28 orc priests
  An iron imp (Orc:1)
  Jessica (D:2)
  25 orc wizards
  2 scorpion zombies (D:5)
  A sleepcap (D:6)
  6 iguanas
  3 mummies (D:5)
  8 adders
  17 gnolls (D:4)
  2 shadow imps
  4 white imps
  2 ufetubi
  2 worms
  A dart slug (D:1)
  126 orcs
  8 endoplasms
  6 giant cockroaches
  4 goblins
  14 hobgoblins
  18 jackals
  8 kobolds
  3 quokkas (D:1)
  5 ball pythons
  A bat (D:1)
  A frilled lizard (D:1)
  2 rats
666 creatures vanquished.

Notes
Turn   | Place    | Note
-------+----------+-------------------------------------------
     0 | D:1      | HoaS the Troll Gladiator began the quest for the Orb.
     0 | D:1      | Reached XP level 1. HP: 19/19 MP: 0/0
   237 | D:1      | Reached XP level 2. HP: 27/27 MP: 1/1
   273 | D:1      | You fall into a shaft and drop 1 floor!
   306 | D:2      | Noticed Jessica
   312 | D:2      | Killed Jessica
   313 | D:2      | Reached skill level 4 in Unarmed Combat
   313 | D:2      | Reached XP level 3. HP: 27/33 MP: 2/2
   699 | D:3      | Found a faded altar of an unknown god.
   854 | D:3      | Reached skill level 5 in Unarmed Combat
   854 | D:3      | Reached XP level 4. HP: 34/41 MP: 3/3
  1364 | D:3      | Found a glowing golden altar of the Shining One.
  2483 | D:4      | Identified the +3 dagger of Virtue {speed, rElec rN+ Dex-3}
  2510 | D:4      | Reached XP level 5. HP: 48/48 MP: 4/4
  2547 | D:4      | Reached skill level 6 in Unarmed Combat
  2615 | D:4      | Reached XP level 6. HP: 38/55 MP: 5/5
  2911 | D:4      | Reached skill level 7 in Unarmed Combat
  3083 | D:4      | Identified a scroll of acquirement
  3083 | D:4      | Acquired 749 gold pieces
  3210 | D:4      | Reached skill level 8 in Unarmed Combat
  3225 | D:4      | Reached XP level 7. HP: 56/62 MP: 6/6
  3836 | D:5      | Entered Level 5 of the Dungeon
  3844 | D:5      | Reached skill level 9 in Unarmed Combat
  3951 | D:5      | Reached XP level 8. HP: 66/72 MP: 7/7
  4110 | D:5      | Found a sacrificial altar of Ru.
  4114 | D:5      | Noticed Menkaure
  4131 | D:5      | Killed Menkaure
  4137 | D:5      | Found an iron altar of Okawaru.
  4233 | D:5      | Found a runed translucent door.
  4234 | D:5      | Noticed Crazy Yiuf
  4573 | D:5      | Found a basalt altar of Yredelemnul.
  4683 | D:5      | Killed Crazy Yiuf
  4731 | D:6      | Reached skill level 10 in Unarmed Combat
  4775 | D:6      | Noticed Edmund
  4783 | D:6      | Killed Edmund
  4784 | D:6      | Reached XP level 9. HP: 82/82 MP: 8/8
  5540 | D:6      | Acquired a manual of Throwing
  5638 | D:7      | Reached skill level 5 in Dodging
  5733 | D:7      | Found a snail-covered altar of Cheibriados.
  5736 | D:7      | Found a glowing silver altar of Zin.
  5740 | D:7      | Became a worshipper of Zin the Law-Giver
  5740 | D:7      | Reached * piety under Zin
  5740 | D:7      | Reached ** piety under Zin
  5746 | D:7      | Found a burning altar of Makhleb.
  5749 | D:7      | Found a bloodstained altar of Trog.
  5806 | D:7      | Reached *** piety under Zin
  5826 | D:7      | Found a staircase to the Ecumenical Temple.
  5917 | D:7      | Found an opulent altar of Gozag.
  5932 | D:7      | Paralysed by a hornet for 1 turns
  5935 | D:7      | Reached skill level 5 in Fighting
  5935 | D:7      | Reached skill level 1 in Invocations
  6031 | D:7      | Reached XP level 10. HP: 71/96 MP: 8/10
  6319 | D:7      | Found a runed translucent gate.
  6320 | D:7      | Found a runed translucent gate.
  6323 | D:7      | Found a runed translucent gate.
  6324 | D:7      | Noticed Snakez's ghost (novice NaNe)
  6326 | D:7      | Identified the +0 chain mail of the Endless Coins {rElec
                  | rF+++ Dex-4}
  6336 | D:7      | Reached skill level 5 in Throwing
  6596 | D:8      | Reached skill level 11 in Unarmed Combat
  7082 | D:8      | Noticed a centaur warrior
  7321 | D:9      | Found a staircase to the Lair.
  7424 | D:9      | Reached **** piety under Zin
  7617 | D:9      | Noticed a two-headed ogre
  7622 | D:9      | Killed a two-headed ogre
  7635 | D:9      | Found a large runed translucent door.
  7635 | D:9      | Found a large runed translucent door.
  7639 | D:9      | Noticed mopl's ghost (novice OpSh)
  7709 | D:9      | Reached XP level 11. HP: 107/107 MP: 12/12
  8039 | Lair:1   | Entered Level 1 of the Lair of Beasts
  8184 | Lair:1   | Reached skill level 12 in Unarmed Combat
  8420 | Lair:1   | Noticed a death yak
  8439 | Lair:1   | Killed a death yak
  9275 | Lair:1   | Reached XP level 12. HP: 119/119 MP: 14/14
  9760 | Lair:2   | Found a staircase to the Snake Pit.
  9836 | Lair:2   | Noticed a catoblepas
  9837 | Lair:2   | Upgraded the game from 0.31-a0-408-gb642c7f9a3 to
                  | 0.31-a0-426-g3a05650e59
  9879 | Lair:2   | Noticed Fannar
  9881 | Lair:2   | Killed a catoblepas
  9904 | Lair:2   | Killed Fannar
  9905 | Lair:2   | Reached skill level 13 in Unarmed Combat
 10207 | Lair:2   | Noticed a seven-headed hydra
 10210 | Lair:2   | Killed a seven-headed hydra
 10211 | Lair:2   | Reached skill level 5 in Invocations
 10418 | Lair:2   | Reached ***** piety under Zin
 10594 | Lair:2   | Noticed Sonja
 10610 | Lair:2   | Killed Sonja
 10962 | D:7      | Killed Snakez's ghost
 11009 | D:7      | Identified the +0 helmet of the Stone Wall {rF+ SInv}
 11112 | D:9      | Killed mopl's ghost
 11156 | D:10     | Entered Level 10 of the Dungeon
 11190 | D:10     | Found a runed translucent door.
 11192 | D:10     | Noticed a centaur warrior
 11192 | D:10     | Noticed a tengu warrior
 11192 | D:10     | Noticed a centaur warrior
 11192 | D:10     | Noticed a lich
 11196 | D:10     | Noticed Gruesome's ghost (journeyman OpSh)
 11199 | D:10     | Found a runed translucent door.
 11244 | D:10     | Noticed a boulder beetle
 11260 | D:10     | Noticed Grum
 11294 | D:10     | Killed a boulder beetle
 11316 | D:10     | Killed Grum
 11640 | D:10     | Found a hazy altar of Hepliaklqana.
 11745 | D:10     | Identified the +7 mace of Immorality {chaos, rF+ Will-
                  | rCorr}
 11817 | D:11     | Reached XP level 13. HP: 131/131 MP: 16/16
 12427 | D:11     | Found a staircase to the Orcish Mines.
 12584 | D:11     | Reached ****** piety under Zin
 13133 | Orc:1    | Entered Level 1 of the Orcish Mines
 13589 | Orc:1    | Noticed Urug
 13598 | Orc:1    | Killed Urug
 13599 | Orc:1    | Reached skill level 1 in Shields
 13895 | Orc:1    | Reached skill level 14 in Unarmed Combat
 14490 | Orc:1    | Reached skill level 10 in Throwing
 14609 | Orc:2    | Entered Level 2 of the Orcish Mines
 14836 | Orc:2    | Found a staircase to the Elven Halls.
 14847 | Orc:2    | Noticed Rupert
 14859 | Orc:2    | Noticed Josephine
 15171 | Orc:2    | Killed Josephine
 15220 | Orc:2    | Killed Rupert
 15316 | Orc:2    | Found Hoaruish's General Store.
 15368 | Orc:2    | Found Orirphu's General Store.
 15401 | Orc:2    | Reached skill level 10 in Dodging
 15664 | Orc:2    | Bought a scroll of teleportation for 45 gold pieces
 15679 | Orc:2    | Bought 2 potions of heal wounds for 130 gold pieces
 15679 | Orc:2    | Bought a potion of curing for 39 gold pieces
 15679 | Orc:2    | Bought 2 potions of curing for 78 gold pieces
 15730 | Orc:2    | Noticed Azrael
 15944 | D:12     | Reached skill level 10 in Fighting
 16694 | Lair:3   | Found a transporter.
 16839 | Lair:3   | Reached XP level 14. HP: 134/143 MP: 17/17
 16969 | Lair:3   | Found a transporter.
 17198 | Lair:3   | Found a staircase to the Shoals.
 17501 | Lair:3   | You fall into a shaft and drop 2 floors!
 17501 | Lair:5   | Entered Level 5 of the Lair of Beasts
 17909 | Lair:4   | Found a runed translucent gate.
 17909 | Lair:4   | Found a runed translucent gate.
 17909 | Lair:4   | Found a runed translucent gate.
 17910 | Lair:4   | Noticed Zappman123's ghost (journeyman OpSh)
 17910 | Lair:4   | Noticed Zenatt's ghost (journeyman TrFi)
 18157 | Lair:4   | Noticed Kirke
 18233 | Lair:4   | Killed Kirke
 18250 | Lair:4   | Reached skill level 15 in Unarmed Combat
 18499 | Lair:4   | Noticed Zenatt's ghost (journeyman TrFi)
 20330 | Lair:3   | Identified the +4 helmet of Eternal Vigilance {Will++
                  | Str+4}
 20668 | Orc:2    | Found Lewkakia's Antique Armour Emporium.
 20677 | Orc:2    | HP: 4/146 [Azrael/damnation (42)]
 20681 | Orc:2    | Killed from afar by Azrael

Illustrated notes

Levels and vault maps discovered:
D:1:      matt_arrival_diagonals, layout_basic, chequers_serial_rivers_micro_a,
          minmay_misc_feat_encased
D:2:      layout_rooms, uniq_jessica
D:3:      kennysheep_six_static_rooms, layout_loops_ring, marbit_many_paths,
          nicolae_ecumenical_pavilion
D:4:      lemuel_castle_with_subvaults [lemuel_castle_interior_original],
          layout_loops_ring, minmay_hedge_maze, minmay_liquid_box
D:5:      layout_basic, nicolae_ru_awakened_eye, amcnicky_altar_gilded,
          lemuel_mausoleum_altar_yredelemnul, nicolae_kite_square_tiling_tiny,
          minmay_chambers_of_fives, uniq_menkaure, uniq_crazy_yiuf_cottage
D:6:      minmay_recursive_quarters, layout_loops_ring, uniq_edmund
D:7:      nicolae_whirlpool, layout_basic, nicolae_gozag_seed_capital,
          grunt_temple_overflow_cloverleaf, minmay_temple_entry_stoned_glass,
          biasface_ghost_orc_armoury
D:8:      layout_basic, wad_dig_loot
D:9:      layout_roguey, erik_lair_orcish_takeover, ebering_ghost_disaster_area
D:10:     layout_rooms, mainiacjoe_overflow_alcove_4,
          muffindrake_ghost_dual_entry, uniq_grum
D:11:     layout_loops_ring, hiddenorc1_lemuel, reono_crystal_passage
D:12:     layout_roguey
Lair:1:   layout_layer_cave, grunt_megastairs_4
Lair:2:   layout_chaotic_city, guppyfry_snake_entry_island, beast_lair_carwin_5,
          uniq_fannar, uniq_sonja
Lair:3:   gammafunk_worm_tunnel, layout_gridlike, shoals_dummy_entry,
          patterned_corridor, grunt_megastairs_3
Lair:4:   layout_regular_city, gammafunk_ghost_cemetery, serial_bayou_lagoon_a,
          uniq_kirke
Lair:5:   evilmike_catoblepas_cave, layout_regular_city,
          minmay_slime_entry_oklob_enclosed, infiniplex_staircase_pool,
          lemuel_fruit_fields
Orc:1:    cheibrodos_orc_bank, layout_caves, basic_altar, hangedman_minor_magic,
          uniq_urug
Orc:2:    pf_orc_diabolical, layout_caves, serial_shops,
          nicolae_shop_hallway_stairs, uniq_azrael, uniq_josephine, uniq_rupert

Skill      XL: |  1  2  3  4  5  6  7  8  9 10 11 12 13 14 |
---------------+-------------------------------------------+-----
Unarmed Combat | 4 5 6 8 9 10 11 12 13 14 15 | 15.3
Fighting       | 2 4 5 6 7 9 10 11 | 11.0
Throwing       | 2 3 4 6 8 9 10 11 | 11.8
Dodging        | 4 5 6 8 9 10 11 | 11.1
Invocations    | 1 3 4 5 6 7 |  7.4
Shields        | 2 4 |  4.3

Action                     |  1- 3 |  4- 6 |  7- 9 | 10-12 | 13-15 || total
---------------------------+-------+-------+-------+-------+-------++-------
  Melee: Unarmed           |    62 |   172 |   289 |   601 |   960 ||  2084
         Punch             |     1 |     3 |    22 |    47 |     1 ||    74
  Throw: Boomerang         |       |       |       |     6 |    66 ||    72
         Dart              |       |       |       |     5 |     5 ||    10
         Large rock        |       |       |       |     1 |    20 ||    21
         Javelin           |       |       |       |       |     1 ||     1
         Throwing net      |       |       |       |       |     1 ||     1
 Invoke: Vitalisation      |       |       |       |     1 |     1 ||     2
         Recite            |       |       |       |     1 |       ||     1
  Evoke: Wand              |       |       |       |     8 |       ||     8
    Use: Scroll            |     1 |     7 |     5 |    16 |     4 ||    33
         Potion            |       |     1 |       |       |     6 ||     7
   Stab: Sleeping          |     1 |     2 |     2 |     1 |     2 ||     8
         Distracted        |     1 |       |       |     1 |       ||     2
         Held in net/web   |       |       |       |       |     1 ||     1
         Invisible         |       |       |       |       |     7 ||     7
 Armour: Robe              |    21 |    27 |    55 |    95 |   134 ||   332
         Skin              |       |       |     2 |       |       ||     2
  Dodge: Dodged            |    25 |    81 |   131 |   355 |   663 ||  1255
  Block: Other             |       |    15 |    48 |   112 |     3 ||   178
         Reflection        |       |       |     1 |     7 |    12 ||    20
         Kite shield       |       |       |       |       |   603 ||   603

Table legend: (Time is in decaauts)
 A = Elapsed time spent in this place.
 B = Non-inter-level travel time spent in this place.
 C = Inter-level travel time spent in this place.
 D = Time resting spent in this place.
 E = Time spent auto-exploring this place.
 F = Levels seen in this place.
 G = Mean time per level.
                   A        B        C        D        E       F      G
               +--------+--------+--------+--------+--------+-----+--------+
         Total |  20376 |  18395 |   1981 |   2154 |  12074 |  19 | 1072.4 |
       Dungeon |  11495 |  10068 |   1427 |    680 |   7389 |  12 |  957.9 |
          Lair |   6568 |   6213 |    355 |    947 |   3820 |   5 | 1313.6 |
  Orcish Mines |   2312 |   2114 |    198 |    526 |    865 |   2 | 1156.0 |
               +--------+--------+--------+--------+--------+-----+--------+

Top non-repeatable levels by time:
     D:4: 1697 daAuts
  Lair:1: 1605 daAuts
  Lair:2: 1275 daAuts
  Lair:3: 1264 daAuts
  Lair:5: 1251 daAuts
     D:7: 1233 daAuts
    D:11: 1230 daAuts
   Orc:1: 1203 daAuts
  Lair:4: 1171 daAuts
   Orc:2: 1109 daAuts
     D:3: 956 daAuts
     D:8: 926 daAuts
     D:5: 909 daAuts
     D:9: 881 daAuts
    D:10: 870 daAuts
